 Dungeon Crawl Stone Soup version 0.28.0-43-g3370ac3207 (webtiles) character file.

Game seed: 18028586237029936889

55 Peloso the Shield-Bearer (level 3, 0/33 HPs)
             Began as a Minotaur Fighter on Mar 18, 2022.
             Slain by a hobgoblin (5 damage)
             ... led by Robin
             ... on level 2 of the Dungeon.
             The game lasted 00:01:42 (867 turns).

Peloso the Shield-Bearer (Minotaur Fighter)          Turns: 867, Time: 00:01:43

Health: 0/33       AC:  7    Str: 20    XL:     3   Next: 67%
Magic:  2/2        EV:  9    Int:  5    God:
Gold:   61         SH:  4    Dex: 11    Spells: 2/2 levels left

rFire   . . .      SeeInvis .   a - +0 long sword
rCold   . . .      Faith    .   c - +0 buckler
rNeg    . . .      Spirit   .   b - +0 scale mail
rPois   .          Reflect  .   (helmet restricted)
rElec   .          Harm     .   (no cloak)
rCorr   .          Rampage  .   (no gloves)
Will    .....                   (no boots)
Stlth   ..........              (no amulet)
HPRegen 0.11/turn               (no ring)
MPRegen 0.08/turn               (no ring)

@: no status effects
A: horns 2, retaliatory headbutt
a: no special abilities


You were on level 2 of the Dungeon.
You visited 1 branch of the dungeon, and saw 2 of its levels.

You collected 61 gold pieces.

Inventory:

Hand Weapons
 a - a +0 long sword (weapon)
Armour
 b - a +0 scale mail (worn)
 c - a +0 buckler (worn)
Wands
 k - a wand of flame (24)
Scrolls
 f - a scroll of blinking {unknown}
 g - 2 scrolls of identify {unknown}
 h - a scroll of summoning {unknown}
 i - a scroll of magic mapping {unknown}
 j - a scroll of brand weapon {unknown}
 l - a scroll of enchant weapon {unknown}
Potions
 d - a potion of might
 e - 2 potions of lignification {unknown}


   Skills:
 + Level 4.1 Fighting
 + Level 3.0 Long Blades
 + Level 4.3 Armour
 + Level 0.1 Dodging
 + Level 0.1 Stealth
 + Level 4.3 Shields


You had 2 spell levels left.
You didn't know any spells.
Your spell library was empty.

Dungeon Overview and Level Annotations

Branches:
Dungeon (2/15)

Altars:

Annotations:
D:2 Robin


Innate Abilities, Weirdness & Mutations

You have a pair of horns on your head.
You reflexively headbutt those who attack you in melee.


Message History

Robin throws the goblin at you!
A goblin and a hobgoblin come into view.
Found two stone staircases leading up.
The goblin shouts!
The hobgoblin shouts!
You hear a shout!
The goblin hits you with a +3 dagger. The goblin hits you but does no damage.
A hobgoblin comes into view.
You closely miss the goblin. Your headbutt misses the goblin.
The goblin barely misses you.
Robin's bangles clink loudly.
Robin throws the goblin at you! The goblin hits you but does no damage.
You slash the goblin!
You kill the goblin!
You block the goblin's attack. The hobgoblin barely misses you.
Robin roars a battlecry!
The goblins go into a battle-frenzy!
The goblin hits you but does no damage. x2; The goblin hits you with a +0 club.
You hear a shout!
The goblin hits you but does no damage. You block the hobgoblin's attack.
The goblin barely misses you. The goblin hits you with a +0 dagger.
The goblin barely misses you. Robin throws the goblin at you!
The goblin hits you with a club. The hobgoblin hits you.
The goblin hits you but does no damage.
You slash the goblin!
You kill the goblin!
The goblin hits you with a +0 dagger. The goblin hits you but does no damage.
You block the goblin's attack.
You slash the hobgoblin!
You kill the hobgoblin!
The goblin hits you with a +0 club.
A goblin comes into view. It is wielding a +0 club.
The goblin closely misses you. You furiously retaliate!
You headbutt the goblin!
You kill the goblin!
Your Long Blades skill increases to level 3!
The goblin hits you with a +0 dagger.
* * * LOW HITPOINT WARNING * * *
You see here a +0 club.
The hobgoblin hits you.
You die...

...........#.##..#.###..#
......................[.#
....##.#.#.#.##..#####..#
.#.....#.#.#.##..# #....#
.#.....#.#...##..###..#.#.##
.......#....................
##.....#####..#..####...####
#####.##.........# #...#
.##......(@g###...#
.##......ggg.##...##
.##..##.#.g..).....# #.
#..)g..##..###
#...#.#........#
......[..#g.....
#...#.#...###....
#...#..).g# .###
............. #


You could see Robin, 3 hobgoblins and 4 goblins.

Vanquished Creatures
  A worm (D:2)
  A dart slug (D:1)
  2 ball pythons (D:1)
  3 endoplasms
  3 giant cockroaches
  4 goblins (D:2)
  5 hobgoblins
  10 jackals
  A kobold (D:1)
  3 quokkas (D:1)
  3 bats
  2 frilled lizards
  2 rats (D:1)
40 creatures vanquished.

Notes
Turn   | Place    | Note
-------+----------+-------------------------------------------
     0 | D:1      | Peloso the Minotaur Fighter began the quest for the Orb.
     0 | D:1      | Reached XP level 1. HP: 19/19 MP: 0/0
   176 | D:1      | Reached XP level 2. HP: 21/27 MP: 1/1
   270 | D:1      | Found a faded altar of an unknown god.
   536 | D:1      | Reached XP level 3. HP: 29/33 MP: 2/2
   855 | D:2      | Noticed Robin
   867 | D:2      | Slain by a hobgoblin

Illustrated notes

Levels and vault maps discovered:
D:1:      dpeg_arrival_short_road, layout_basic, basic_ecumenical_altar
D:2:      layout_basic, uniq_jessica, uniq_robin

Skill      XL: |  1  2  3 |
---------------+----------+-----
Armour         | 4 |  4.3
Shields        | 4 |  4.3
Fighting       | 4 |  4.1
Long Blades    | 3 |  3.0
Dodging        | |  0.1
Stealth        | |  0.1

Action                   || total
-------------------------++-------
Melee: Long sword        ||    68
       Headbutt          ||    13
Armor: Scale mail        ||    51
Dodge: Dodged            ||    55
Block: Buckler           ||    29
